Map: [ESL] Data-C

Players

Lambo

  • Race: Zerg Zerg
  • Spawn Location: 9:00

Clem - Winner!

  • Race: Terran Terran
  • Spawn Location: 3:00

Event: DreamHack SC2 Masters 2022 Atlanta (Online)

VOD

Have the link to the VOD?

Description

Time

  • Played on: Oct. 13, 2022, 3:22 p.m.
  • Length: 13:22

All games in this series

Show
View Real Time Build Order
Export as new Build Order

Lambo Zerg 

Build Orders: Hatch First, Lurkers 

Get SALT Encoding   

  12  0:00  Drone  
  13  0:12  Overlord  
  13  0:16  Drone  
  14  0:30  Drone x2  
  16  0:48  Hatchery  
  15  0:50  Drone  
  15  0:54  Drone  
  17  0:57  Drone  
  18  1:09  Extractor  
  17  1:13  Spawning Pool  
  17  1:16  Drone  
  17  1:19  Drone  
  18  1:27  Drone  
  19  1:38  Drone  
  20  1:48  Drone  
  21  1:59  Queen x2  
  21  2:00  Zergling x4  
  27  2:10  Drone  
  27  2:11  Overlord  
  28  2:20  Hatchery  
  27  2:23  Drone  
  28  2:31  Drone  
  28  2:34  Drone x2  
  31  2:39  Queen  
  33  2:45  Overlord  
  33  2:49  Drone  
  33  2:51  Metabolic Boost  
  34  2:56  Drone x2  
  36  3:02  Queen  
  38  3:07  Drone x2  
  38  3:10  Drone  
  38  3:11  Drone  
  42  3:16  Drone x2  
  44  3:21  Overlord  
  44  3:27  Overlord  
  44  3:32  Queen x2  
  48  3:37  Drone  
  49  3:42  Drone x4  
  49  3:43  Drone  
  49  3:46  Overlord  
  54  3:48  Drone  
  54  3:50  Drone  
  54  3:53  Drone  
  54  3:54  Drone  
  58  4:01  Drone, Overlord  
  58  4:02  Drone  
  60  4:06  Drone x2  
  62  4:10  Queen  
  62  4:14  Zergling x2  
  62  4:15  Zergling x6  
  68  4:22  Drone x3  
  71  4:26  Drone  
  71  4:27  Spore Crawler  
  71  4:34  Zergling x4  
  71  4:38  Zergling x2  
  73  4:44  Drone x7  
  78  4:49  Drone x4  
  80  4:55  Drone x2  
  78  5:00  Lair, Drone  
  79  5:07  Drone x2  
  79  5:12  Drone, Hatchery, Extractor  
  79  5:13  Baneling Nest  
  79  5:15  Drone  
  79  5:18  Extractor  
  79  5:19  Drone x2  
  81  5:22  Extractor  
  81  5:25  Drone  
  81  5:31  Overlord  
  81  5:33  Overlord x2  
  81  5:37  Drone, Extractor  
  81  5:39  Overlord  
  81  5:40  Drone  
  82  5:43  Overlord  
  82  5:48  Queen x2  
  86  5:52  Drone x3  
  86  5:53  Zergling x8, Drone  
  86  5:54  Zergling x2  
  95  6:00  Centrifugal Hooks  
  95  6:03  Drone x3  
  98  6:04  Drone  
  98  6:05  Drone, Evolution Chamber  
  98  6:06  Evolution Chamber  
  98  6:11  Zergling x8  
  102  6:15  Zergling x2, Baneling x2  
  102  6:16  Baneling x2  
  103  6:20  Drone x2  
  103  6:24  Zergling x2  
  103  6:25  Zergling x2  
  107  6:32  Baneling x8, Overlord  
  107  6:34  Zerg Ground Armor Level 1, Zerg Melee Weapons Level 1  
  107  6:37  Zergling x16  
  107  6:38  Hydralisk Den  
  114  6:42  Baneling x4  
  114  6:43  Drone  
  114  6:44  Drone x3  
  114  6:46  Drone x2  
  120  6:52  Drone x2  
  122  6:56  Drone  
  122  6:58  Baneling x2  
  122  7:01  Zergling x2  
  122  7:02  Zergling x14  
  122  7:04  Baneling x5  
  122  7:06  Hatchery  
  128  7:17  Hydralisk x5  
  128  7:20  Drone  
  128  7:21  Overlord  
  135  7:22  Spore Crawler  
  135  7:25  Overlord  
  131  7:31  Zergling x8  
  131  7:33  Overlord  
  131  7:35  Overlord  
  134  7:38  Zergling x4  
  134  7:40  Overlord  
  134  7:41  Grooved Spines  
  134  7:42  Overlord  
  136  7:48  Drone x5  
  136  7:50  Extractor  
  140  7:53  Overseer  
  140  8:00  Zergling x22  
  151  8:08  Zergling x4  
  149  8:14  Zergling x6  
  149  8:16  Zergling x2  
  149  8:19  Zergling x18  
  152  8:32  Zerg Melee Weapons Level 2, Zerg Ground Armor Level 2  
  150  8:34  Drone x3  
  150  8:35  Zergling x10  
  150  8:36  Zergling x4  
  150  8:39  Baneling x7  
  150  8:41  Baneling x8  
  159  8:43  Drone x3  
  159  8:44  Infestation Pit  
  161  8:49  Queen  
  161  8:51  Queen  
  161  8:52  Overlord  
  161  8:53  Muscular Augments  
  161  8:54  Overlord  
  167  8:58  Overlord  
  167  9:02  Overlord  
  166  9:06  Zergling x16  
  166  9:07  Baneling x13  
  166  9:08  Overseer  
  161  9:17  Zergling x6  
  161  9:18  Zergling x8  
  152  9:25  Hatchery  
  152  9:26  Drone  
  130  9:31  Spore Crawler, Zergling x2  
  130  9:32  Zergling x6  
  130  9:33  Drone x3  
  135  9:42  Hive  
  135  9:44  Drone x6  
  139  9:46  Zergling x8  
  142  9:52  Zergling x2  
  142  9:53  Zergling x4  
  142  9:59  Zergling x8  
  133  10:01  Hydralisk  
  133  10:02  Hydralisk  
  137  10:09  Zergling x10  
  137  10:13  Zergling x4  
  138  10:15  Baneling x11  
  138  10:18  Zergling x10, Pneumatized Carapace  
  142  10:23  Hydralisk x4  
  143  10:30  Lurker Den  
  143  10:31  Zergling x4, Extractor  
  143  10:32  Extractor  
  143  10:33  Spore Crawler  
  139  10:39  Queen x2  
  139  10:40  Drone x3  
  139  10:41  Drone x3  
  149  10:45  Zergling x10  
  149  10:46  Zergling x2  
  149  10:48  Overseer, Zerg Missile Weapons Level 1  
  154  10:51  Drone  
  154  10:52  Drone x2  
  154  10:55  Zergling x6  
  159  11:02  Zergling x2  
  159  11:03  Zergling x2  
  141  11:10  Zergling x12  
  140  11:11  Baneling x3  
  133  11:22  Zergling x18  
  141  11:32  Zergling x8  
  140  11:33  Seismic Spines  
  140  11:35  Lurker x5  
  145  11:40  Zergling x10, Nydus Network  
  145  11:43  Baneling x6  
  145  11:44  Baneling  
  146  11:48  Lurker  
  146  11:49  Extractor  
  146  11:56  Zergling x14  
  147  12:02  Zergling x8  
  147  12:06  Lurker x3  
  147  12:08  Overseer  
  154  12:11  Zergling x14  
  158  12:20  Zergling x8  
  159  12:26  Zergling x14, Nydus Canal  
  159  12:28  Baneling x3  
  166  12:30  Overlord  
  166  12:38  Zergling x8  
  166  12:39  Zergling x4  
  172  12:44  Hydralisk  
  172  12:49  Overlord  
  172  12:50  Overlord x2  
  174  12:57  Zergling x4  
  156  12:59  Overseer  
Show
View Real Time Build Order
Export as new Build Order

Clem Terran - Winner!

Build Orders: Liberator Opening, Reaper Expand 

Get SALT Encoding   

  12  0:00  SCV  
  13  0:12  SCV  
  14  0:17  Supply Depot  
  14  0:24  SCV  
  15  0:38  SCV  
  15  0:39  Barracks  
  16  0:44  Refinery  
  16  0:50  SCV  
  17  1:02  SCV  
  18  1:15  SCV  
  19  1:26  Reaper  
  19  1:27  Orbital Command  
  20  1:40  Command Center  
  20  1:47  Supply Depot  
  20  1:52  SCV  
  21  1:57  Marine  
  22  2:04  SCV  
  23  2:11  Factory  
  23  2:16  SCV  
  23  2:20  Barracks Reactor, Refinery  
  24  2:28  SCV  
  25  2:40  SCV  
  26  2:52  SCV, Orbital Command  
  26  2:57  Starport  
  27  3:01  Hellion  
  27  3:03  Hellion  
  27  3:04  SCV  
  32  3:06  Barracks Tech Lab  
  32  3:16  SCV  
  32  3:18  SCV  
  32  3:19  Supply Depot  
  34  3:24  Hellion  
  36  3:28  Hellion  
  36  3:29  SCV  
  36  3:31  SCV  
  36  3:33  Liberator  
  43  3:41  SCV  
  44  3:43  Stimpack  
  44  3:44  Supply Depot  
  44  3:45  SCV  
  44  3:48  Hellion  
  47  3:53  SCV  
  47  3:55  Hellion  
  50  3:57  SCV  
  51  4:05  SCV  
  51  4:08  Supply Depot  
  51  4:09  SCV  
  53  4:17  Command Center  
  53  4:20  SCV  
  53  4:21  SCV  
  55  4:24  Marine  
  55  4:26  Factory Reactor  
  55  4:30  Barracks  
  56  4:32  Barracks  
  56  4:35  SCV  
  56  4:36  SCV  
  58  4:42  Marine  
  58  4:43  Supply Depot  
  59  4:47  SCV  
  59  4:48  Engineering Bay, SCV  
  61  4:53  Engineering Bay  
  61  4:59  SCV, Refinery  
  59  5:00  SCV, Marine, Refinery  
  59  5:06  Supply Depot  
  61  5:11  SCV  
  61  5:13  SCV  
  61  5:14  Factory Reactor  
  63  5:16  Terran Infantry Weapons Level 1  
  63  5:20  Terran Infantry Armor Level 1  
  63  5:21  Marine x2  
  63  5:22  Marine  
  63  5:23  SCV, Combat Shield  
  63  5:25  SCV  
  69  5:35  SCV, Marine x2  
  69  5:37  SCV  
  69  5:38  Supply Depot  
  69  5:42  Barracks  
  72  5:43  Barracks  
  72  5:45  Marine x2  
  72  5:46  Marine  
  72  5:47  SCV  
  72  5:49  SCV  
  77  5:53  Marine, Orbital Command  
  76  5:59  SCV  
  76  6:00  Marine  
  76  6:02  SCV  
  76  6:03  Factory Reactor, Marine  
  80  6:05  Marine x2  
  80  6:06  Supply Depot  
  82  6:12  SCV  
  82  6:13  Medivac x2  
  82  6:14  SCV, Marine  
  82  6:18  Supply Depot, SCV, Marine  
  91  6:20  Marine  
  91  6:22  Marine  
  91  6:24  SCV  
  94  6:27  SCV, Marine, Bunker  
  94  6:31  Armory  
  94  6:32  Barracks Reactor, Marine  
  97  6:33  Barracks Reactor  
  97  6:34  SCV  
  97  6:36  SCV  
  97  6:37  Marine  
  100  6:40  Marine x2  
  100  6:43  Widow Mine x2  
  106  6:48  Medivac x2  
  106  6:51  Marine x2  
  106  6:52  Supply Depot  
  112  6:54  Factory  
  112  6:55  SCV x3, Marine  
  112  6:58  Refinery, Marine x2  
  118  7:12  Marine x2  
  118  7:13  Command Center  
  118  7:14  Marine  
  121  7:17  SCV x3  
  121  7:18  Medivac  
  121  7:19  Marine x2  
  121  7:22  Medivac  
  115  7:23  Widow Mine, Marine  
  115  7:26  Marine  
  115  7:29  SCV x2  
  114  7:30  SCV  
  114  7:36  Marine x2  
  112  7:41  Terran Infantry Weapons Level 2  
  112  7:42  Factory Tech Lab  
  112  7:43  SCV  
  110  7:45  SCV  
  110  7:47  SCV  
  110  7:48  Medivac  
  110  7:50  Widow Mine  
  110  7:51  Widow Mine  
  118  7:55  SCV, Terran Infantry Armor Level 2  
  119  8:00  SCV  
  119  8:01  Supply Depot, SCV  
  121  8:07  SCV  
  121  8:09  Marine x2  
  121  8:10  Widow Mine  
  121  8:12  Widow Mine  
  128  8:13  SCV x2  
  128  8:16  Marine x2  
  128  8:17  Marine x3  
  128  8:19  Widow Mine  
  133  8:22  SCV  
  133  8:24  Marine x2  
  133  8:31  Widow Mine  
  133  8:32  Marine  
  133  8:33  Terran Vehicle And Ship Armor Level 1, Widow Mine  
  134  8:34  Medivac  
  134  8:35  SCV  
  134  8:36  SCV x2  
  134  8:41  Widow Mine  
  141  8:44  Marine  
  141  8:45  Marine  
  141  8:47  SCV  
  144  8:49  Drilling Claws  
  144  8:51  Barracks  
  144  8:52  Widow Mine  
  144  8:53  Barracks x2, Sensor Tower  
  146  8:59  Medivac  
  146  9:00  SCV  
  146  9:01  SCV, Marine  
  151  9:03  Widow Mine x2  
  151  9:05  SCV x2  
  139  9:10  Medivac  
  139  9:12  SCV  
  139  9:22  Widow Mine, Marine  
  139  9:23  Marine x3  
  139  9:24  SCV x2  
  136  9:25  Marine  
  136  9:26  SCV  
  136  9:27  Marine  
  136  9:28  Widow Mine  
  136  9:32  Planetary Fortress  
  136  9:36  SCV, Widow Mine, Marine  
  139  9:39  Marine x2  
  139  9:41  SCV  
  139  9:44  SCV  
  143  9:47  Widow Mine  
  143  9:48  SCV  
  143  9:52  Widow Mine, Marine x2  
  146  9:53  SCV  
  146  9:56  SCV  
  146  9:59  Widow Mine  
  143  10:01  Marine x2  
  143  10:02  SCV  
  143  10:03  Marine  
  143  10:08  Marine x2  
  143  10:09  Widow Mine  
  143  10:11  Marine  
  143  10:13  SCV, Marine x2  
  143  10:14  Marine  
  148  10:15  SCV  
  148  10:16  Widow Mine  
  148  10:18  SCV, Barracks Tech Lab  
  148  10:19  Barracks Tech Lab x2, Marine  
  154  10:21  SCV  
  154  10:22  Medivac  
  154  10:23  Marine  
  154  10:25  Terran Infantry Weapons Level 3  
  156  10:32  Terran Infantry Armor Level 3  
  156  10:37  Supply Depot x2  
  156  10:40  SCV, Widow Mine x2, Marine x3, Terran Vehicle And Ship Armor Level 2  
  156  10:42  Supply Depot  
  164  10:48  Command Center  
  164  10:53  Sensor Tower  
  164  10:57  Widow Mine  
  165  10:58  Marine  
  165  10:59  Marine  
  165  11:00  Medivac  
  165  11:02  Widow Mine, Marine  
  160  11:06  Marine x2  
  160  11:09  Marine x2  
  162  11:14  Medivac, Widow Mine, Marine x2  
  162  11:15  Marine x2  
  162  11:18  Marine x2  
  168  11:22  Marine x2  
  168  11:24  Marine  
  170  11:26  Supply Depot  
  170  11:27  Widow Mine, Marine  
  170  11:30  Medivac  
  164  11:34  Widow Mine  
  164  11:35  Marauder x3  
  164  11:36  Widow Mine  
  164  11:38  Ghost Academy  
  173  11:41  Marauder  
  173  11:43  SCV  
  173  11:45  Refinery  
  174  11:48  Widow Mine, Marine x5  
  174  11:49  Marine  
  182  11:55  Widow Mine  
  182  11:56  Marauder, Marine x2  
  182  11:57  Widow Mine  
  177  12:01  Marine  
  177  12:02  Marauder, Marine  
  181  12:10  Widow Mine  
  181  12:15  Missile Turret  
  183  12:18  Siege Tank, Ghost  
  183  12:19  Ghost  
  188  12:23  Ghost  
  192  12:39  Marauder, Marine  
  190  12:45  Orbital Command  
  190  12:46  Command Center  
  190  12:47  Marauder, Ghost  
  197  12:54  Marine  
  198  13:03  Command Center  
Tags
 
Add a new tag
Caveats
  • Supply blocks, unpowered buildings, or Contaminate may cause inaccurate times.
  • Supply counts are checked every 10 seconds.